 Dungeon Crawl Stone Soup version 0.30-a0-986-g7f2e898f52 (webtiles) character file.

Game seed: 756332179435759141

16 CryoSword the Gusty (level 2, -12/20 HPs)
             Began as a Demigod Air Elementalist on Apr 2, 2023.
             Killed by nerve-wracking pain
             ... invoked by Jessica
              (13 damage)
             ... on level 2 of the Dungeon.
             The game lasted 00:01:17 (1172 turns).

CryoSword the Gusty (Demigod Air Elementalist)      Turns: 1172, Time: 00:01:18

Health: -12/20     AC:  2    Str:  9    XL:     2   Next: 24%
Magic:  3/7        EV: 12    Int: 17    God:
Gold:   76         SH:  0    Dex: 14    Spells: 3/4 levels left

rFire   . . .      SeeInvis .    i - +0 hand axe
rCold   . . .      Faith    .    (no shield)
rNeg    . . .      Spirit   .    a - +0 robe
rPois   .          Reflect  .    (no helmet)
rElec   .          Rampage  .    (no cloak)
rCorr   .                        (no gloves)
Will    .....                    (no boots)
Stlth   ++                       (no amulet)
HPRegen 0.23/turn                (no ring)
MPRegen 0.10/turn                (no ring)

@: no status effects
A: high MP 1, forlorn, divine attributes
a: no special abilities


You were on level 2 of the Dungeon.
You visited 1 branch of the dungeon, and saw 2 of its levels.

You collected 76 gold pieces.

Inventory:

Hand Weapons
 i - a +0 hand axe (weapon)
   (You found it on level 1 of the Dungeon)
Missiles
 m - 5 poisoned darts
Armour
 a - a +0 robe (worn)
Scrolls
 c - a scroll of amnesia {unknown}
 d - a scroll of fog {unknown}
 f - a scroll of immolation {unknown}
 h - a scroll of enchant armour {unknown}
 j - a scroll of identify {unknown}
 k - a scroll of magic mapping {unknown}
Potions
 e - 2 potions of haste {unknown}
 g - a potion of mutation {unknown}
 l - a potion of heal wounds {unknown}


   Skills:
 + Level 0.4 Axes
 - Level 1.7 Dodging
 - Level 1.7 Stealth
 - Level 1.7 Spellcasting
 + Level 1.5 Conjurations
 + Level 3.0 Air Magic


You had 3 spell levels left.
You knew the following spells:

 Your Spells              Type           Power      Damage    Failure   Level
a - Shock                 Conj/Air       36%        1d5       8%          1

Your spell library contained the following spells:

 Spells                   Type           Power      Damage    Failure   Level
 Static Discharge         Conj/Air       18%        2-3/arc   12%         2
 Swiftness                Air            11%        N/A       17%         3
 Airstrike                Air            5%         2d(1-17)  50%         4


Dungeon Overview and Level Annotations

Branches:
Dungeon (2/15)

Annotations:
D:2 Jessica, Robin


Innate Abilities, Weirdness & Mutations

You have an increased reservoir of magic. (+10% MP)
You shall have no god before yourself.
Your divine heritage dramatically boosts your attributes as you level up.


Message History

The zap hits the giant cockroach.
The giant cockroach completely misses you.
The giant cockroach closely misses you.
Aim: a giant cockroach (almost dead, 68% to hit)
The zap hits the giant cockroach.
You kill the giant cockroach!
Your Air Magic skill increases to level 3!
Found an escape hatch in the floor.
There is an escape hatch in the floor here.
m - 5 poisoned darts A rat comes into view.
The helpless rat fails to defend itself.
You hit the rat.
You kill the rat!
No target in view!
A goblin comes into view. It is wielding a +0 club.
Found 10 gold pieces.
A goblin is nearby!
A goblin is nearby!
Found 14 gold pieces.
Aim: a goblin, wielding a +0 club (60% to hit)
The zap hits the goblin.
Aim: a goblin, wielding a +0 club (heavily wounded, 60% to hit)
The zap hits the goblin.
You kill the goblin!
You have reached level 2!
You now have 66 gold pieces (gained 14).
You now have 76 gold pieces (gained 10).
Could not explore, unopened door.
Could not explore, unopened door.
Could not explore, unopened door.
You open the door.
There is an open door here.
A hobgoblin comes into view.
A hobgoblin is nearby!
A hobgoblin is nearby!
Aim: a hobgoblin (asleep, 100% to hit)
The zap hits the hobgoblin.
The hobgoblin shouts!
Aim: a hobgoblin (severely wounded, 68% to hit)
The zap hits the hobgoblin but does no damage.
You hit the hobgoblin.
You kill the hobgoblin!
No target in view!
e - 2 clear potions (gained 1)
There is an open door here.
There is an open door here.
Could not explore, unopened door.
Could not explore, unopened door.
You open the door.
There is an open door here.
There is an open door here.
There is an open door here.
Could not explore, unopened door.
Could not explore, unopened door.
You open the door.
There is an open door here.
Could not explore, unopened door.
You open the door.
There is an open door here.
There is an open door here.
Could not explore, unopened door.
You open the door.
There is an open door here.
Done exploring.
Done exploring.
You enter the shallow water.
Moving in this stuff is going to be slow.
You can't go down here!
You open the door.
There is an open door here.
There is a stone staircase leading down here.
You climb downwards.
Level annotation: Robin
There is a stone staircase leading up here.
There is a shaft here.
There is a stone staircase leading down here.
A goblin comes into view. It is wielding a +0 dagger.
A goblin is nearby!
Aim: a goblin, wielding a +0 dagger (60% to hit)
The zap misses the goblin.
A quokka comes into view.
Aim: a goblin, wielding a +0 dagger (60% to hit)
The zap hits the goblin.
The zap hits the quokka.
Aim: a goblin, wielding a +0 dagger (heavily wounded, 60% to hit)
The zap hits the goblin.
You kill the goblin!
The zap hits the quokka.
You kill the quokka!
You can't see any susceptible monsters within range! (Use Z to cast anyway.) Unknown command.
Robin of the Strong Arm opens the door.
They are wielding a +0 spear.
Robin is nearby!
Robin is nearby!
Aim: Robin, wielding a +0 spear, wearing a +0 animal skin and wearing a +0 helmet (wandering, hasn't noticed you, 77% to hit)
The zap hits Robin.
Robin shouts!
You hear a shout!
A goblin comes into view. It is wielding a +0 club.
Robin hits you with a +0 spear.
A goblin comes into view. It is wielding a +0 dagger.
You don't know that spell.
You don't know that spell.
You barely miss Robin. Robin hits you with a +0 spear.
A goblin comes into view. It is wielding a +0 dagger.
The goblin moves out of view.
The goblin shouts!
You hit Robin.
You hear a shout!
Robin laughs in a distinctly smug fashion.
Robin throws the goblin at you! Robin closely misses you.
The goblin closely misses you. The goblin attacks as you move away!
The goblin hits you with a +0 dagger. Robin barely misses you.
Found a fizzy clear potion.
Robin throws the goblin at you! The goblin hits you with a +0 dagger.
* * * LOW HITPOINT WARNING * * *
Robin roars a battlecry!
The goblins go into a battle-frenzy!
You hear a shout!
Jessica the Apprentice Sorceress comes into view.
She is wielding a +0 club.
Jessica shouts!
Jessica casts a spell.
Jessica seems to speed up.
You see here a fizzy clear potion.
Okay, then.
Magic courses through your body.
Jessica gestures wildly while chanting.
Jessica blinks!
The goblin hits you with a +0 dagger.
* * * LOW HITPOINT WARNING * * *
The goblin attacks as you move away! The goblin hits you with a +0 dagger.
* * * LOW HITPOINT WARNING * * *
Okay, then.
The zap misses the goblin.
The zap hits the goblin.
The goblin hits you with a +0 dagger.
* * * LOW HITPOINT WARNING * * *
The zap misses the goblin.
The zap hits the goblin.
The zap misses the goblin. x2
The goblin barely misses you.
The zap hits the goblin.
You kill the goblin!
The zap misses the goblin. x3; Jessica hits you with a +0 club.
* * * LOW HITPOINT WARNING * * *
The zap hits the goblin.
You kill the goblin!
The zap hits the goblin.
The zap misses Robin.
The zap hits Robin.
Jessica completely misses you.
Robin roars a battlecry!
Jessica points at you and mumbles some strange words.
Pain shoots through your body!
Ouch! That really hurt!
You die...

# ######## ........
###############
#.............#
###############.###########.#
#<..............# #.#
################# #.#
......@@g.g# #^# ##########!#
#.# ######.###########.#
........g..gg.g..g..#
###.....g....######..
+....).....'..# ##.
#..$.......##...##.
#####+###### #.##. #.###


You could see Robin, Jessica (fast) and a goblin (strong).

Vanquished Creatures
  A ball python (D:1)
  An endoplasm (D:1)
  3 giant cockroaches (D:1)
  A hobgoblin (D:1)
  A kobold (D:1)
  A quokka (D:2)
  5 goblins
  A rat (D:1)
14 creatures vanquished.

Notes
Turn   | Place    | Note
-------+----------+-------------------------------------------
     0 | D:1      | CryoSword the Demigod Air Elementalist began the quest for
                  | the Orb.
     0 | D:1      | Reached XP level 1. HP: 14/14 MP: 5/5
    74 | D:1      | Reached skill level 1 in Conjurations
   157 | D:1      | You fall into a shaft and drop 1 floor!
   220 | D:2      | Noticed Robin
   759 | D:1      | Reached skill level 3 in Air Magic
   839 | D:1      | Reached XP level 2. HP: 20/20 MP: 4/7
  1164 | D:2      | Noticed Jessica
  1171 | D:2      | HP: 1/20 [Jessica/+0 club (4)]
  1172 | D:2      | Killed from afar by Jessica

Illustrated notes

Levels and vault maps discovered:
D:1:      lemuel_arrival_muddy, layout_loops_corners
D:2:      minmay_recursive_quarters, layout_basic, uniq_jessica, uniq_robin

Skill      XL: |  1 |
---------------+----+-----
Conjurations   | 1 |  1.5
Air Magic      | 3 |  3.0
Axes           | |  0.4
Dodging        | |  1.7
Stealth        | |  1.7
Spellcasting   | |  1.7

Action                     || total
---------------------------++-------
  Melee: Hand axe          ||     8
   Cast: Shock             ||    25
    Use: Potion            ||     1
   Stab: Sleeping          ||     1
 Armour: Robe              ||     1
  Dodge: Dodged            ||    12

Table legend: (Time is in decaauts)
 A = Elapsed time spent in this place.
 B = Non-inter-level travel time spent in this place.
 C = Inter-level travel time spent in this place.
 D = Time resting spent in this place.
 E = Time spent auto-exploring this place.
 F = Levels seen in this place.
 G = Mean time per level.
                   A        B        C        D        E       F      G
               +--------+--------+--------+--------+--------+-----+--------+
         Total |   1176 |   1113 |     63 |      0 |    996 |   2 |  588.0 |
       Dungeon |   1176 |   1113 |     63 |      0 |    996 |   2 |  588.0 |
               +--------+--------+--------+--------+--------+-----+--------+

Top non-repeatable levels by time:
     D:1: 1021 daAuts
     D:2: 154 daAuts
